[Event "Prague Festival Futures 2024"]
[Site "Prague"]
[Date "2024.02.27"]
[Round "1.1"]
[White "Peglau, Paul David"]
[Black "Siskou, Evangelia"]
[Result "1/2-1/2"]
[ECO "D05"]
[WhiteElo "1764"]
[BlackElo "1680"]
[Annotator "NA RC"]
[PlyCount "95"]
[EventDate "2024.02.22"]
[EventType "tourn"]
[EventCountry "CZE"]
[SourceTitle "playchess.com"]
[Source "ChessBase"]
[SourceQuality "1"]
[TimeControl "40/5400+30:1800+30"]

1. d4 Nf6 2. c4 e6 3. Nf3 d5 4. e3 Be7 5. Nbd2 O-O 6. b3 b6 7. Bb2 Bb7 8. Bd3 Nbd7 9. O-O Rc8 10. Qe2 c5 11. Rac1 Bd6 12. Ne5 Qe7 13. cxd5 exd5 14. Nxd7 Nxd7 15. dxc5 bxc5 16. Rfd1 f5 17. Nf3 Ne5 18. Nxe5 Bxe5 19. Bxe5 Qxe5 20. Ba6 Bxa6 21. Qxa6 f4 22. exf4 Qxf4 23. Rc2 Qf5 24. Rcd2 Qf7 25. f3 d4 26. Rc2 Rc7 27. Qd6 Rfc8 28. b4 cxb4 29. Rxc7 Qxc7 30. Qxb4 Qb6 31. Qxb6 axb6 32. Rxd4 Rc1+ 33. Kf2 Rc2+ 34. Kg3 Rxa2 35. Rd8+ Kf7 36. Rd7+ Kg8 37. Rb7 Rb2 38. f4 h6 39. h4 b5 40. Kf3 h5 41. g3 Rb3+ 42. Ke4 b4 43. Rb5 Rxg3 44. Rxh5 b3 45. Rb5 Rh3 46. Kf5 Rxh4 47. Rxb3 Rh6 48. Kg5 1/2-1/2

[Event "Prague Festival Futures 2024"]
[Site "Prague"]
[Date "2024.02.27"]
[Round "1.2"]
[White "Jakubse, Tamae Severina"]
[Black "Stara, Zuzana"]
[Result "1-0"]
[ECO "B14"]
[WhiteElo "1735"]
[BlackElo "1674"]
[Annotator "NA RC"]
[PlyCount "69"]
[EventDate "2024.02.22"]
[EventType "tourn"]
[EventCountry "CZE"]
[SourceTitle "playchess.com"]
[Source "ChessBase"]
[SourceQuality "1"]
[TimeControl "40/5400+30:1800+30"]

1. e4 c6 2. d4 d5 3. exd5 cxd5 4. c4 Nf6 5. Nc3 g6 6. Qb3 Bg7 7. cxd5 O-O 8. Be2 Nbd7 9. Nh3 Nb6 10. Nf4 Bf5 11. Bf3 Qd6 12. O-O Rfd8 13. h4 h5 14. a4 Qd7 15. a5 Nc8 16. Na4 Nd6 17. Nc5 Qc7 18. Re1 b6 19. Na4 Nde4 20. axb6 axb6 21. Be3 Rab8 22. Rac1 Qb7 23. Rc6 Bd7 24. Rec1 Bxc6 25. dxc6 Qc7 26. Bxe4 Nxe4 27. Nd5 Rxd5 28. Qxd5 Nf6 29. Qf3 Rd8 30. Bf4 Qa7 31. c7 Rc8 32. Qc6 Nd5 33. Qxd5 Qxa4 34. Qd8+ Qe8 35. Qxe8+ 1-0

[Event "Prague Festival Futures 2024"]
[Site "Prague"]
[Date "2024.02.27"]
[Round "1.3"]
[White "Andre, Tomas"]
[Black "Brzezina, Pawel"]
[Result "1/2-1/2"]
[ECO "C45"]
[WhiteElo "1829"]
[BlackElo "1834"]
[Annotator "NA RC"]
[PlyCount "85"]
[EventDate "2024.02.22"]
[EventType "tourn"]
[EventCountry "CZE"]
[SourceTitle "playchess.com"]
[Source "ChessBase"]
[SourceQuality "1"]
[TimeControl "40/5400+30:1800+30"]

1. e4 e5 2. Nf3 Nc6 3. d4 exd4 4. Nxd4 Nf6 5. Nxc6 bxc6 6. e5 Qe7 7. Qe2 Nd5 8. c4 Ba6 9. b3 g6 10. Bb2 Bg7 11. Nd2 O-O 12. O-O-O f6 13. Qe4 Nb6 14. exf6 Bxf6 15. Qxe7 Bxe7 16. a4 d6 17. Nf3 c5 18. h4 Bb7 19. Bd3 Bf6 20. h5 Bxb2+ 21. Kxb2 Rxf3 22. gxf3 Bxf3 23. hxg6 hxg6 24. Bxg6 Bxd1 25. Rxd1 Rf8 26. Rd2 a5 27. Be4 Rf4 28. f3 Nd7 29. Bd5+ Kf8 30. Rh2 Nf6 31. Rh8+ Kg7 32. Rc8 Nxd5 33. cxd5 Rxf3 34. Rxc7+ Kf6 35. Ra7 Ke5 36. Rxa5 Kxd5 37. Ra6 Rf2+ 38. Kc3 Rf3+ 39. Kc2 Rf2+ 40. Kd1 c4 41. bxc4+ Kxc4 42. Rxd6 Ra2 43. Ra6 1/2-1/2

[Event "Prague Festival Futures 2024"]
[Site "Prague"]
[Date "2024.02.27"]
[Round "1.4"]
[White "Markina, Sofiia"]
[Black "Mrozowski, Nikodem"]
[Result "1-0"]
[ECO "B54"]
[WhiteElo "1680"]
[BlackElo "1527"]
[Annotator "NA RC"]
[PlyCount "61"]
[EventDate "2024.02.22"]
[EventType "tourn"]
[EventCountry "CZE"]
[SourceTitle "playchess.com"]
[Source "ChessBase"]
[SourceQuality "1"]
[TimeControl "40/5400+30:1800+30"]

1. e4 c5 2. Nf3 d6 3. Bb5+ Bd7 4. c4 Nc6 5. d4 cxd4 6. Nxd4 Nf6 7. Nc3 g6 8. O-O Rc8 9. h3 Bg7 10. Be3 a6 11. Bxc6 Bxc6 12. Nxc6 Rxc6 13. Qb3 Qc8 14. Nd5 Nxe4 15. Rfe1 e6 16. Bd4 Bxd4 17. Rxe4 e5 18. Rxd4 exd4 19. Re1+ Kf8 20. Qd3 Qd8 21. Qxd4 Rg8 22. Nf6 Rh8 23. Re8+ Qxe8 24. Nxe8 Rg8 25. Nf6 Rg7 26. Nd7+ Kg8 27. Qe4 Rc8 28. Qxb7 Rd8 29. Qc7 Ra8 30. Qxd6 f5 31. Qd5+ 1-0

[Event "Prague Festival Futures 2024"]
[Site "Prague"]
[Date "2024.02.27"]
[Round "1.5"]
[White "Aansh Nandan Nerurkar"]
[Black "Guntaka, Aayansh R"]
[Result "1-0"]
[ECO "B31"]
[WhiteElo "1891"]
[BlackElo "1651"]
[Annotator "NA RC"]
[PlyCount "153"]
[EventDate "2024.02.22"]
[EventType "tourn"]
[EventCountry "CZE"]
[SourceTitle "playchess.com"]
[Source "ChessBase"]
[SourceQuality "1"]
[TimeControl "40/5400+30:1800+30"]

1. e4 c5 2. Nf3 Nc6 3. Bb5 g6 4. O-O Bg7 5. c3 Nf6 6. Re1 O-O 7. d4 d5 8. e5 Ne4 9. Be3 Qb6 10. Bxc6 bxc6 11. Qc1 cxd4 12. cxd4 Bd7 13. Nc3 Nxc3 14. Qxc3 Bg4 15. Nd2 f6 16. Bf4 Rac8 17. Nb3 fxe5 18. Bxe5 Rf7 19. f3 Bf5 20. Nc5 Rcf8 21. Bxg7 Kxg7 22. Re5 Rb8 23. b3 Qb4 24. Qe3 Re8 25. Re1 h5 26. h4 e6 27. Kh2 Qb8 28. Qg5 Qd6 29. Kg1 Kh7 30. R1e2 Ree7 31. Re1 Re8 32. Rf1 Qe7 33. g4 hxg4 34. fxg4 Be4 35. Qxe7 Rfxe7 36. Nxe4 dxe4 37. Rxe4 Kg7 38. Rc1 Rc8 39. Kf2 Kf6 40. Ke3 Rh7 41. g5+ Ke7 42. d5 Kd6 43. dxe6 Re7 44. Rd1+ Kc7 45. Rf1 Kd6 46. Rf7 Rxe6 47. Rxe6+ Kxe6 48. Rf6+ Ke5 49. Rxg6 Kf5 50. Rg7 Re8+ 51. Kd4 Re2 52. Rxa7 Rh2 53. Kc5 Rxh4 54. Kxc6 Kxg5 55. Kc5 Kf6 56. b4 Ke6 57. b5 Rh5+ 58. Kc6 Rh2 59. a4 Rc2+ 60. Kb6 Kd6 61. a5 Rc8 62. Rb7 Ra8 63. a6 Kd5 64. a7 Kc4 65. Rb8 Rxa7 66. Kxa7 Kc5 67. b6 Kc6 68. Rc8+ Kd7 69. b7 Kd6 70. b8=Q+ Kd5 71. Qc7 Kd4 72. Rd8+ Ke4 73. Qe7+ Kf5 74. Rf8+ Kg6 75. Qf6+ Kh5 76. Qg7 Kh4 77. Rh8# 1-0

[Event "Prague Festival Futures 2024"]
[Site "Prague"]
[Date "2024.02.28"]
[Round "2.1"]
[White "Siskou, Evangelia"]
[Black "Guntaka, Aayansh R"]
[Result "1-0"]
[ECO "C15"]
[WhiteElo "1680"]
[BlackElo "1651"]
[Annotator "NA RC"]
[PlyCount "101"]
[EventDate "2024.02.22"]
[EventType "tourn"]
[EventCountry "CZE"]
[SourceTitle "playchess.com"]
[Source "ChessBase"]
[SourceQuality "1"]
[TimeControl "40/5400+30:1800+30"]

1. e4 e6 2. d4 d5 3. Nc3 Bb4 4. Nge2 dxe4 5. a3 Bxc3+ 6. Nxc3 Nc6 7. d5 exd5 8. Qxd5 Be6 9. Qxd8+ Rxd8 10. Bf4 f5 11. Bxc7 Rd7 12. Bf4 Nf6 13. Rd1 Rxd1+ 14. Kxd1 O-O 15. Be2 h6 16. h4 Ne7 17. Kc1 Ned5 18. Be5 Nxc3 19. Bxc3 Nd5 20. Bc4 Nc7 21. Bxe6+ Nxe6 22. Rd1 Rf7 23. g3 f4 24. Re1 e3 25. fxe3 f3 26. Bb4 g5 27. hxg5 Nxg5 28. Bd6 Ne4 29. Bf4 f2 30. Rf1 h5 31. Kd1 Kg7 32. Ke2 Rd7 33. c3 Kg6 34. Rh1 Rh7 35. Rd1 Re7 36. Rd5 Rh7 37. Re5 Nf6 38. Rg5+ Kf7 39. Rb5 Ne4 40. Rxb7+ Kg6 41. Rb4 Kf5 42. Rb5+ Kg4 43. Re5 Rd7 44. Rxe4 Rd2+ 45. Kf1 Kf3 46. Rd4 Rxb2 47. Rd1 h4 48. gxh4 Rb6 49. Bg5 Rg6 50. Rd2 Rb6 51. Rc2 1-0

[Event "Prague Festival Futures 2024"]
[Site "Prague"]
[Date "2024.02.28"]
[Round "2.2"]
[White "Mrozowski, Nikodem"]
[Black "Aansh Nandan Nerurkar"]
[Result "0-1"]
[ECO "B76"]
[WhiteElo "1527"]
[BlackElo "1891"]
[Annotator "NA RC"]
[PlyCount "60"]
[EventDate "2024.02.22"]
[EventType "tourn"]
[EventCountry "CZE"]
[SourceTitle "playchess.com"]
[Source "ChessBase"]
[SourceQuality "1"]
[TimeControl "40/5400+30:1800+30"]

1. e4 c5 2. Nf3 d6 3. d4 cxd4 4. Nxd4 Nf6 5. Nc3 g6 6. Be3 Bg7 7. f3 O-O 8. Qd2 Nc6 9. O-O-O Nxd4 10. Bxd4 Be6 11. Kb1 Qc7 12. h4 Rfc8 13. h5 Qa5 14. hxg6 fxg6 15. a3 Bf7 16. Bd3 Rab8 17. g4 b5 18. e5 dxe5 19. Bxe5 b4 20. Bxb8 bxc3 21. Qh2 Qb6 22. b4 Qe6 23. Bc4 Qxc4 24. Rd5 Bxd5 25. Kc1 Qa2 26. Kd1 Qb1+ 27. Ke2 Qxc2+ 28. Ke3 Nxg4+ 29. fxg4 Qe4+ 30. Kf2 Rf8+ 0-1

[Event "Prague Festival Futures 2024"]
[Site "Prague"]
[Date "2024.02.28"]
[Round "2.3"]
[White "Stara, Zuzana"]
[Black "Markina, Sofiia"]
[Result "1-0"]
[ECO "B13"]
[WhiteElo "1674"]
[BlackElo "1680"]
[Annotator "NA RC"]
[PlyCount "133"]
[EventDate "2024.02.22"]
[EventType "tourn"]
[EventCountry "CZE"]
[SourceTitle "playchess.com"]
[Source "ChessBase"]
[SourceQuality "1"]
[TimeControl "40/5400+30:1800+30"]

1. e4 c6 2. d4 d5 3. exd5 cxd5 4. Bd3 Nc6 5. c3 Nf6 6. h3 e5 7. dxe5 Nxe5 8. Nf3 Nxd3+ 9. Qxd3 Be7 10. O-O O-O 11. Bg5 Qb6 12. Qc2 Be6 13. Nbd2 Rac8 14. Qb3 Qxb3 15. axb3 a6 16. Nd4 Bc5 17. Bxf6 gxf6 18. N2f3 Bxd4 19. Nxd4 Rcd8 20. Rfe1 Bc8 21. Re7 Rfe8 22. Rae1 Kf8 23. Rxe8+ Rxe8 24. Rxe8+ Kxe8 25. Kh2 f5 26. Kg3 Ke7 27. Kh4 Kf6 28. Kh5 Kg7 29. f4 h6 30. Nc2 Bd7 31. Ne3 Be6 32. b4 b6 33. g4 fxg4 34. hxg4 f6 35. Kh4 Kf8 36. Nc2 Kg7 37. Nd4 Bd7 38. Ne2 Be6 39. Kg3 Bf7 40. Nd4 Kf8 41. Kh4 Kg7 42. Nf5+ Kg6 43. Ne7+ Kg7 44. Nc8 b5 45. Nb6 f5 46. g5 Be6 47. Na8 Kg6 48. gxh6 Kxh6 49. Nc7 Bf7 50. Nxa6 Be8 51. Nc7 Bc6 52. Ne6 Kg6 53. Kg3 Kf6 54. Nd4 Bd7 55. Kf3 Kg6 56. Ke3 Kh5 57. Nf3 Bc8 58. Ne5 Be6 59. Kd4 Kh6 60. Kc5 Kh5 61. Kxb5 Kh4 62. Kc5 Kg3 63. Nd3 Kf3 64. Kd4 Bc8 65. b5 Bb7 66. b6 Ba8 67. Ke5 1-0

[Event "Prague Festival Futures 2024"]
[Site "Prague"]
[Date "2024.02.28"]
[Round "2.4"]
[White "Brzezina, Pawel"]
[Black "Jakubse, Tamae Severina"]
[Result "1-0"]
[ECO "D71"]
[WhiteElo "1834"]
[BlackElo "1735"]
[Annotator "NA RC"]
[PlyCount "63"]
[EventDate "2024.02.22"]
[EventType "tourn"]
[EventCountry "CZE"]
[SourceTitle "playchess.com"]
[Source "ChessBase"]
[SourceQuality "1"]
[TimeControl "40/5400+30:1800+30"]

1. d4 Nf6 2. c4 g6 3. g3 Bg7 4. Bg2 d5 5. cxd5 Nxd5 6. Nf3 c5 7. e4 Nf6 8. d5 O-O 9. Nc3 e6 10. O-O exd5 11. exd5 b6 12. Ne5 Bb7 13. Nc6 Qd7 14. Bf4 Na6 15. Nb5 Nb4 16. Nc7 Rac8 17. Ne7+ Qxe7 18. d6 Qd7 19. Bxb7 Rb8 20. Bf3 Nc6 21. Bxc6 Qxc6 22. Be5 Ne8 23. Bxg7 Kxg7 24. Nxe8+ Rfxe8 25. Qd3 Rbd8 26. Rad1 Re6 27. d7 Re7 28. Qc3+ Kg8 29. Rfe1 Rexd7 30. Rxd7 Qxd7 31. Qf6 Qd6 32. Re8+ 1-0

[Event "Prague Festival Futures 2024"]
[Site "Prague"]
[Date "2024.02.28"]
[Round "2.5"]
[White "Peglau, Paul David"]
[Black "Andre, Tomas"]
[Result "0-1"]
[ECO "E62"]
[WhiteElo "1764"]
[BlackElo "1829"]
[Annotator "NA RC"]
[PlyCount "74"]
[EventDate "2024.02.22"]
[EventType "tourn"]
[EventCountry "CZE"]
[SourceTitle "playchess.com"]
[Source "ChessBase"]
[SourceQuality "1"]
[TimeControl "40/5400+30:1800+30"]

1. Nf3 Nf6 2. g3 g6 3. Bg2 Bg7 4. c4 O-O 5. d4 d6 6. Nc3 Nc6 7. O-O e5 8. e3 Re8 9. b3 Nd7 10. dxe5 dxe5 11. Bb2 Nc5 12. Qe2 e4 13. Rad1 Bd7 14. Nd4 Nb4 15. a3 Nbd3 16. Nxe4 Rxe4 17. Rxd3 Nxd3 18. Qxd3 Re8 19. Qc2 c6 20. Nf3 Bf5 21. Qc1 Bxb2 22. Qxb2 Qe7 23. Nd4 Qe5 24. Qc1 Rad8 25. Nxf5 Qxf5 26. e4 Qd7 27. f4 Qd2 28. Qb1 Rd3 29. Rc1 Qe3+ 30. Kh1 Rxb3 31. Qc2 Rxa3 32. Rd1 Rc3 33. Qb2 Rxc4 34. Qxb7 Rcxe4 35. Qxc6 Rd4 36. Rg1 Red8 37. Qc5 Rd3 0-1

[Event "Prague Festival Futures 2024"]
[Site "Prague"]
[Date "2024.02.29"]
[Round "3.1"]
[White "Andre, Tomas"]
[Black "Siskou, Evangelia"]
[Result "1/2-1/2"]
[ECO "B23"]
[WhiteElo "1829"]
[BlackElo "1680"]
[Annotator "NA RC"]
[PlyCount "99"]
[EventDate "2024.02.22"]
[EventType "tourn"]
[EventCountry "CZE"]
[SourceTitle "playchess.com"]
[Source "ChessBase"]
[SourceQuality "1"]
[TimeControl "40/5400+30:1800+30"]

1. e4 c5 2. Nc3 d6 3. d4 cxd4 4. Qxd4 Nc6 5. Qd2 g6 6. b3 Bg7 7. Bb2 Nf6 8. O-O-O O-O 9. f3 Qa5 10. Nge2 b5 11. Kb1 Nd7 12. Qd5 Nb6 13. Qxb5 Qxb5 14. Nxb5 Bxb2 15. Kxb2 Rb8 16. Ned4 Ne5 17. h3 a6 18. f4 Ned7 19. Nc3 Bb7 20. Bd3 Nc5 21. Rhe1 Ba8 22. g4 Nba4+ 23. Nxa4 Nxa4+ 24. Ka1 Nc3 25. Rd2 Rb4 26. Kb2 Na4+ 27. Ka3 Rxd4 28. bxa4 Bc6 29. c4 Rb8 30. Re3 f5 31. exf5 gxf5 32. gxf5 Kf7 33. f6 Kxf6 34. f5 Bd7 35. Rde2 d5 36. Bc2 Rxc4 37. Bb3 Re4 38. Rxe4 dxe4 39. Rxe4 Bxf5 40. Rc4 Rb6 41. a5 Rd6 42. Rb4 Bxh3 43. Rb6 Bf1 44. Kb4 h5 45. Bd1 h4 46. Bg4 h3 47. Kc5 Bg2 48. Bxh3 Bxh3 49. Rxd6+ exd6+ 50. Kxd6 1/2-1/2

[Event "Prague Festival Futures 2024"]
[Site "Prague"]
[Date "2024.02.29"]
[Round "3.2"]
[White "Jakubse, Tamae Severina"]
[Black "Peglau, Paul David"]
[Result "1/2-1/2"]
[ECO "B22"]
[WhiteElo "1735"]
[BlackElo "1764"]
[Annotator "NA RC"]
[PlyCount "100"]
[EventDate "2024.02.22"]
[EventType "tourn"]
[EventCountry "CZE"]
[SourceTitle "playchess.com"]
[Source "ChessBase"]
[SourceQuality "1"]
[TimeControl "40/5400+30:1800+30"]

1. e4 c5 2. c3 e6 3. d4 d5 4. exd5 exd5 5. Nf3 Nc6 6. Bb5 Nf6 7. O-O c4 8. b3 cxb3 9. axb3 Be7 10. Bf4 O-O 11. h3 Be6 12. Nbd2 Ne4 13. Nxe4 dxe4 14. Ne5 Nxe5 15. Bxe5 f5 16. Bc4 Bxc4 17. bxc4 Bd6 18. Bxd6 Qxd6 19. Qb3 Qc6 20. Rfb1 Rf7 21. Ra5 b6 22. Rb5 f4 23. c5 bxc5 24. Rxc5 Qg6 25. Qd5 Raf8 26. Rb7 f3 27. g4 h6 28. Rc6 Qg5 29. Qxg5 hxg5 30. Rxf7 Rxf7 31. Re6 Rc7 32. Rxe4 Rxc3 33. Re5 Rd3 34. Rxg5 Rxd4 35. Ra5 Rd7 36. Kh2 g6 37. Kg3 Rf7 38. Ra3 Kg7 39. Rxf3 Rxf3+ 40. Kxf3 a5 41. Ke3 g5 42. Kd4 Kf6 43. Kc5 Ke5 44. Kb5 Kf4 45. Kxa5 Kf3 46. h4 gxh4 47. g5 h3 48. g6 h2 49. g7 h1=Q 50. g8=Q Qa1+ 1/2-1/2

[Event "Prague Festival Futures 2024"]
[Site "Prague"]
[Date "2024.02.29"]
[Round "3.3"]
[White "Aansh Nandan Nerurkar"]
[Black "Stara, Zuzana"]
[Result "1-0"]
[ECO "B12"]
[WhiteElo "1891"]
[BlackElo "1674"]
[Annotator "NA RC"]
[PlyCount "87"]
[EventDate "2024.02.22"]
[EventType "tourn"]
[EventCountry "CZE"]
[SourceTitle "playchess.com"]
[Source "ChessBase"]
[SourceQuality "1"]
[TimeControl "40/5400+30:1800+30"]

1. e4 c6 2. d4 d5 3. e5 Bf5 4. Nd2 e6 5. Nb3 a6 6. Nf3 Nd7 7. Be2 c5 8. dxc5 Bxc5 9. Nxc5 Nxc5 10. Nd4 Ne7 11. Be3 Rc8 12. c3 Bg6 13. O-O O-O 14. a4 Nf5 15. Nxf5 Bxf5 16. a5 Qe7 17. Bd4 Rfd8 18. Ra3 Qh4 19. f4 Ne4 20. Rb3 Qe7 21. Be3 h6 22. Rb6 Rd7 23. Bd4 Rdc7 24. Bd3 Rc6 25. Rb4 R6c7 26. Qe2 Qh4 27. Rb6 Bg4 28. Qe3 Bf5 29. Be2 Qe7 30. g4 Bh7 31. f5 exf5 32. gxf5 Qg5+ 33. Qxg5 hxg5 34. Bg4 Re8 35. Rd1 Rd8 36. Rb4 Nc5 37. Bxc5 Rxc5 38. Rxb7 Rxa5 39. e6 fxe6 40. fxe6 Re8 41. e7 Bg6 42. Re1 Be4 43. Be6+ Kh8 44. Bf7 1-0

[Event "Prague Festival Futures 2024"]
[Site "Prague"]
[Date "2024.02.29"]
[Round "3.4"]
[White "Markina, Sofiia"]
[Black "Brzezina, Pawel"]
[Result "0-1"]
[ECO "B23"]
[WhiteElo "1680"]
[BlackElo "1834"]
[Annotator "NA RC"]
[PlyCount "52"]
[EventDate "2024.02.22"]
[EventType "tourn"]
[EventCountry "CZE"]
[SourceTitle "playchess.com"]
[Source "ChessBase"]
[SourceQuality "1"]
[TimeControl "40/5400+30:1800+30"]

1. e4 c5 2. Nc3 Nc6 3. Bb5 Nd4 4. Bc4 d6 5. Nge2 Nxe2 6. Qxe2 Nf6 7. d3 e6 8. O-O Be7 9. Re1 a6 10. a4 O-O 11. Qf3 e5 12. h3 Be6 13. Bg5 Nd7 14. Bxe7 Qxe7 15. a5 Kh8 16. Ne2 Qg5 17. Ng3 g6 18. Re3 h5 19. Qd1 h4 20. Ne2 Nf6 21. Nc3 Nh5 22. Rf3 Nf4 23. Rxf4 Qxf4 24. Bd5 Rab8 25. Ra3 b5 26. axb6 Rxb6 0-1

[Event "Prague Festival Futures 2024"]
[Site "Prague"]
[Date "2024.02.29"]
[Round "3.5"]
[White "Guntaka, Aayansh R"]
[Black "Mrozowski, Nikodem"]
[Result "1-0"]
[ECO "B57"]
[WhiteElo "1651"]
[BlackElo "1527"]
[Annotator "NA RC"]
[PlyCount "171"]
[EventDate "2024.02.22"]
[EventType "tourn"]
[EventCountry "CZE"]
[SourceTitle "playchess.com"]
[Source "ChessBase"]
[SourceQuality "1"]
[TimeControl "40/5400+30:1800+30"]

1. e4 c5 2. Nf3 d6 3. d4 cxd4 4. Nxd4 Nf6 5. Nc3 Nc6 6. Bc4 Qb6 7. Nb3 a6 8. Bf4 g6 9. O-O Bg7 10. h3 O-O 11. Qd2 Bd7 12. a4 Na5 13. Nxa5 Qxa5 14. Rfe1 Rac8 15. Bb3 Rfd8 16. Be3 Bc6 17. f3 Kh8 18. Bxf7 Qb4 19. Nd1 Qxd2 20. Bxd2 Rf8 21. Bb3 Nh5 22. c3 Be5 23. Bh6 Bg7 24. Bxg7+ Kxg7 25. Ne3 Nf4 26. Rad1 b5 27. a5 h5 28. Nd5 Bxd5 29. exd5 Rc7 30. h4 g5 31. hxg5 Rf5 32. g3 Nh3+ 33. Kg2 Nxg5 34. f4 Nh7 35. Bc2 Rf7 36. Rd4 Nf6 37. Bf5 Nd7 38. Be6 Rf6 39. Bxd7 Rxd7 40. Rde4 Kf7 41. Kf3 Rf5 42. Rd4 Rc7 43. g4 hxg4+ 44. Kxg4 Rf6 45. f5 Rh6 46. Kg3 Rh5 47. Rf4 Rc5 48. f6 exf6 49. Re6 f5 50. Rxd6 Ke7 51. Rxa6 Rxd5 52. Rd4 Rxd4 53. cxd4 b4 54. Rb6 f4+ 55. Kxf4 Rxa5 56. Rxb4 Kd6 57. Rb6+ Kd5 58. Ke3 Ra4 59. Rb5+ Kc6 60. Rc5+ Kd6 61. Ke4 Rb4 62. Rc2 Rb3 63. Rh2 Ke6 64. d5+ Kd6 65. Kd4 Rb4+ 66. Kc3 Rb5 67. Rh5 Rb7 68. b4 Rc7+ 69. Kd4 Rc1 70. Rh6+ Kd7 71. b5 Rd1+ 72. Kc5 Rc1+ 73. Kb6 Rb1 74. Ka6 Ra1+ 75. Kb7 Ra5 76. Rb6 Ra4 77. Ra6 Rd4 78. Ka7 Rxd5 79. b6 Rb5 80. Ra1 Kc6 81. Rc1+ Kd7 82. b7 Rb2 83. b8=Q Ra2+ 84. Kb7 Rb2+ 85. Ka8 Ra2+ 86. Qa7+ 1-0

[Event "Prague Festival Futures 2024"]
[Site "Prague"]
[Date "2024.03.01"]
[Round "4.1"]
[White "Siskou, Evangelia"]
[Black "Mrozowski, Nikodem"]
[Result "1-0"]
[ECO "B52"]
[WhiteElo "1680"]
[BlackElo "1527"]
[Annotator "NA RC"]
[PlyCount "141"]
[EventDate "2024.02.22"]
[EventType "tourn"]
[EventCountry "CZE"]
[SourceTitle "playchess.com"]
[Source "ChessBase"]
[SourceQuality "1"]
[TimeControl "40/5400+30:1800+30"]

1. e4 c5 2. Nf3 d6 3. Bb5+ Bd7 4. Bxd7+ Nxd7 5. O-O Ngf6 6. Qe2 e6 7. c3 Be7 8. d4 O-O 9. h3 h6 10. Bf4 g5 11. Bg3 Kh8 12. Nh2 Rg8 13. e5 dxe5 14. dxe5 Nd5 15. Qe4 Qf8 16. c4 Nf4 17. Bxf4 gxf4 18. Qxf4 Qg7 19. Ng4 h5 20. Rd1 Nb6 21. Ne3 Bg5 22. Qf3 Bxe3 23. fxe3 Qg5 24. Nd2 Qxe5 25. Nf1 Rg7 26. Rd2 Nxc4 27. Re2 Rag8 28. Rb1 b6 29. b3 Nd6 30. Rc1 Nf5 31. Qxh5+ Rh7 32. Qf3 Nh4 33. Qf4 Qh5 34. Rf2 Nf5 35. Qe5+ Rhg7 36. e4 Qg5 37. Rcc2 f6 38. Qf4 Nd4 39. Qxg5 Rxg5 40. Rcd2 R5g6 41. Ne3 Rd8 42. Kf1 Rg3 43. Ng4 Kg7 44. Nxf6 Re3 45. h4 Rh8 46. h5 Rh6 47. Ne8+ Kh8 48. g4 Rxe4 49. g5 Rxh5 50. Rf8+ Kh7 51. Nf6+ Kg7 52. Rg8+ Kf7 53. Nxh5 Rh4 54. Rg7+ Kf8 55. Rh7 Rg4 56. Rf2+ Nf5 57. Rxa7 Rxg5 58. Nf4 Ng3+ 59. Ke1 Re5+ 60. Kd1 Ke8 61. Ng6 Rd5+ 62. Kc2 Nf5 63. Rh2 Rd7 64. Rh8+ Kf7 65. Rxd7+ Kxg6 66. Rb7 Nd4+ 67. Kd3 b5 68. b4 Kf5 69. bxc5 Nf3 70. Rf8+ Kg4 71. Rg7+ 1-0

[Event "Prague Festival Futures 2024"]
[Site "Prague"]
[Date "2024.03.01"]
[Round "4.2"]
[White "Stara, Zuzana"]
[Black "Guntaka, Aayansh R"]
[Result "1/2-1/2"]
[ECO "B38"]
[WhiteElo "1674"]
[BlackElo "1651"]
[Annotator "NA RC"]
[PlyCount "128"]
[EventDate "2024.02.22"]
[EventType "tourn"]
[EventCountry "CZE"]
[SourceTitle "playchess.com"]
[Source "ChessBase"]
[SourceQuality "1"]
[TimeControl "40/5400+30:1800+30"]

1. e4 c5 2. Nf3 Nc6 3. d4 cxd4 4. Nxd4 g6 5. c4 Bg7 6. Be3 Nf6 7. Nc3 O-O 8. Be2 d6 9. O-O Bd7 10. Qd2 Nxd4 11. Bxd4 Bc6 12. f3 a5 13. Kh1 Nd7 14. Bxg7 Kxg7 15. f4 Nc5 16. Bf3 a4 17. Qd4+ Kg8 18. f5 f6 19. Qe3 Kg7 20. Ne2 Be8 21. Nd4 Bf7 22. Be2 g5 23. Rad1 Qc8 24. Rf3 h5 25. h4 g4 26. Rg3 Rh8 27. Qf4 Kf8 28. Nb5 Qc6 29. Re3 Nd7 30. Rc1 Ne5 31. Rec3 b6 32. Qe3 Kg7 33. Nd4 Qb7 34. Nc2 Rac8 35. Ne1 Qa6 36. b3 axb3 37. axb3 Qb7 38. Nd3 Nxd3 39. Bxd3 Rc7 40. Ra1 b5 41. Qd4 bxc4 42. Bxc4 Bxc4 43. Rxc4 Rxc4 44. Qxc4 Rc8 45. Qd3 Qb4 46. Qd5 Qc3 47. Rd1 Qg3 48. Qb7 Qxh4+ 49. Kg1 Re8 50. Rxd6 g3 51. e5 Qf4 52. exf6+ Kh8 53. Rd1 exf6 54. Qf3 Qxf3 55. gxf3 Kg7 56. Kg2 h4 57. Kh3 Rh8 58. Rd4 Rh5 59. Rd5 Kf7 60. f4 Ke7 61. b4 Rh8 62. Rd2 Rg8 63. Rg2 Rh8 64. Rd2 Rg8 1/2-1/2

[Event "Prague Festival Futures 2024"]
[Site "Prague"]
[Date "2024.03.01"]
[Round "4.3"]
[White "Brzezina, Pawel"]
[Black "Aansh Nandan Nerurkar"]
[Result "1/2-1/2"]
[ECO "E12"]
[WhiteElo "1834"]
[BlackElo "1891"]
[Annotator "NA RC"]
[PlyCount "60"]
[EventDate "2024.02.22"]
[EventType "tourn"]
[EventCountry "CZE"]
[SourceTitle "playchess.com"]
[Source "ChessBase"]
[SourceQuality "1"]
[TimeControl "40/5400+30:1800+30"]

1. d4 Nf6 2. c4 e6 3. Nf3 b6 4. a3 Bb7 5. Nc3 Be7 6. d5 O-O 7. e4 d6 8. Bd3 Nbd7 9. O-O e5 10. h3 a5 11. Be3 Nh5 12. b4 Nf4 13. Bxf4 exf4 14. Ne2 g5 15. Ned4 Ne5 16. Nxe5 dxe5 17. Nf5 Bc8 18. Nh6+ Kg7 19. Qh5 Qd6 20. Nf5+ Bxf5 21. exf5 Qf6 22. Be4 Ra7 23. b5 Qh6 24. Qxh6+ Kxh6 25. a4 Kg7 26. g3 fxg3 27. fxg3 Kf6 28. Kg2 Bd6 29. Kf3 h5 30. Ke2 Raa8 1/2-1/2

[Event "Prague Festival Futures 2024"]
[Site "Prague"]
[Date "2024.03.01"]
[Round "4.4"]
[White "Peglau, Paul David"]
[Black "Markina, Sofiia"]
[Result "1-0"]
[ECO "E07"]
[WhiteElo "1764"]
[BlackElo "1680"]
[Annotator "NA RC"]
[PlyCount "97"]
[EventDate "2024.02.22"]
[EventType "tourn"]
[EventCountry "CZE"]
[SourceTitle "playchess.com"]
[Source "ChessBase"]
[SourceQuality "1"]
[TimeControl "40/5400+30:1800+30"]

1. c4 e6 2. Nc3 d5 3. d4 Be7 4. Nf3 Nf6 5. g3 O-O 6. Bg2 c6 7. O-O Nbd7 8. Qb3 Re8 9. Bf4 Nf8 10. Ne5 Ng6 11. Rac1 Bd6 12. Nxg6 hxg6 13. Bxd6 Qxd6 14. Rfd1 Rb8 15. e4 dxe4 16. Nxe4 Nxe4 17. Bxe4 e5 18. d5 Bg4 19. c5 Bxd1 20. Qxd1 Qc7 21. d6 Qd7 22. b4 Red8 23. Qb3 Kh8 24. Qc3 Qe6 25. Bd3 Rd7 26. Re1 Re8 27. f4 Qxa2 28. Bc4 Qa4 29. Ra1 Qxa1+ 30. Qxa1 exf4 31. gxf4 a6 32. Qf1 Kg8 33. Qh3 Rdd8 34. Qh4 Rd7 35. Qg4 Red8 36. Qxg6 b6 37. Qg4 a5 38. b5 cxb5 39. Bxb5 Ra7 40. c6 Rxd6 41. Qc8+ Kh7 42. c7 a4 43. Qh3+ Rh6 44. Qxh6+ gxh6 45. c8=Q a3 46. Qf8 Kg6 47. Bd3+ Kf6 48. Qxh6+ Ke7 49. Qxb6 1-0

[Event "Prague Festival Futures 2024"]
[Site "Prague"]
[Date "2024.03.01"]
[Round "4.5"]
[White "Andre, Tomas"]
[Black "Jakubse, Tamae Severina"]
[Result "1-0"]
[ECO "C56"]
[WhiteElo "1829"]
[BlackElo "1735"]
[Annotator "NA RC"]
[PlyCount "55"]
[EventDate "2024.02.22"]
[EventType "tourn"]
[EventCountry "CZE"]
[SourceTitle "playchess.com"]
[Source "ChessBase"]
[SourceQuality "1"]
[TimeControl "40/5400+30:1800+30"]

1. e4 e5 2. Nf3 Nc6 3. d4 exd4 4. Bc4 Nf6 5. e5 d5 6. Bb5 Ne4 7. Nxd4 Bd7 8. Bxc6 bxc6 9. O-O Bc5 10. Be3 Bb6 11. f3 Ng5 12. f4 Ne4 13. Nc3 Nxc3 14. bxc3 O-O 15. Re1 Re8 16. Bf2 Qe7 17. a4 a5 18. Qf3 c5 19. Ne2 c6 20. Ng3 f6 21. e6 Bc8 22. Rab1 Qa7 23. Qg4 Rb8 24. Nh5 Qe7 25. f5 Ba6 26. Kh1 Bc7 27. Rxb8 Rxb8 28. Bxc5 1-0